 Dungeon Crawl Stone Soup version 0.29.1-1-gd02db6906a (webtiles) character file.

Game seed: 17897053596498525486

4935 Linkola the Protected (level 10, -2/86 HPs)
             Began as a Minotaur Fighter on Sept 26, 2022.
             Was a Follower of Wu Jian.
             Slain by an orc warrior
             ... wielding a +0 hand axe
              (6 damage)
             ... on level 8 of the Dungeon on Sept 27, 2022.
             The game lasted 00:24:06 (9846 turns).

Linkola the Protected (Minotaur Fighter)            Turns: 9846, Time: 00:24:07

Health: -2/86      AC: 17    Str: 24    XL:     10   Next: 27%
Magic:  9/9        EV:  9    Int:  5    God:    Wu Jian [*.....]
Gold:   624        SH:  5    Dex: 11    Spells: 9/9 levels left

rFire   + + +      SeeInvis +   B - +3 mace "Hellblazer" {flame, rF+++ rC- rN+ SInv}
rCold   x . .      Faith    .   c - +0 buckler
rNeg    + . .      Spirit   .   f - +0 chain mail
rPois   .          Reflect  .   (helmet restricted)
rElec   .          Harm     .   o - +0 cloak
rCorr   .          Rampage  .   (no gloves)
Will    +....                   (no boots)
Stlth   ..........              v - amulet of the acrobat
HPRegen 0.24/turn               w - +4 ring of protection
MPRegen 0.11/turn               r - ring of willpower

@: no status effects
A: horns 2, retaliatory headbutt
a: Renounce Religion


You were on level 8 of the Dungeon.
You worshipped Wu Jian.
Wu Jian was aware of your devotion.
You visited 2 branches of the dungeon, and saw 10 of its levels.

You collected 624 gold pieces.

Inventory:

Hand Weapons
 B - the +3 mace "Hellblazer" (weapon) {flame, rF+++ rC- rN+ SInv}
   (You found it on level 8 of the Dungeon)

   It burns those it strikes, dealing additional fire damage.
   rF:        It renders you almost immune to fire.
   rC:        It makes you vulnerable to cold.
   rN:        It protects you from negative energy.
   SInv:      It lets you see invisible.
Missiles
 i - 7 poisoned darts (quivered)
 y - a boomerang
 z - 20 stones
Armour
 c - a +0 buckler (worn)
 f - a +0 chain mail (worn)
 o - a +0 cloak (worn)
Jewellery
 r - a ring of willpower (right hand)
 v - an amulet of the acrobat (around neck)
 w - a +4 ring of protection (left hand)
Wands
 p - a wand of mindburst (23)
 A - a wand of flame (18)
Scrolls
 a - a scroll of brand weapon {unknown}
 e - a scroll of butterflies
 g - 2 scrolls of teleportation {unknown}
 k - a scroll of enchant armour {unknown}
 l - a scroll of magic mapping {unknown}
 m - a scroll of blinking {unknown}
 n - 2 scrolls of amnesia {unknown}
 t - 4 scrolls of fear {unknown}
 u - a scroll of immolation {unknown}
 x - a scroll of poison {unknown}
Potions
 d - 3 potions of might
 h - 2 potions of resistance
 j - 7 potions of curing
 q - 3 potions of flight
 s - a potion of invisibility
 C - a potion of magic


   Skills:
 + Level 7.5 Fighting
 + Level 6.0 Short Blades
 + Level 4.5 Maces & Flails
 + Level 4.2 Polearms
 + Level 5.9 Throwing
 + Level 10.3 Armour
 + Level 3.2 Dodging
 - Level 0.5 Stealth
 + Level 7.6 Shields


You had 9 spell levels left.
You didn't know any spells.
Your spell library contained the following spells:

 Spells                   Type           Power      Damage    Failure   Level
 Apportation              Tloc           0%         N/A       98%         1
 Necrotise                Necr           0%         1d4       98%         1
 Sting                    Tmut/Pois      0%         1d3       98%         1
 Summon Small Mammal      Summ           0%         N/A       98%         1
 Scorch                   Fire           0%         2d5       99%         2
 Portal Projectile        Hex/Tloc       0%         N/A       100%        3
 Stone Arrow              Conj/Erth      0%         3d7       100%        3
 Tukima's Dance           Hex            0%         N/A       100%        3
 Vampiric Draining        Necr           0%         2d6       100%        3
 Airstrike                Air            0%         2d(0-16)  100%        4
 Anguish                  Hex/Necr       0%         N/A       100%        4
 Flame Wave               Conj/Fire      0%         2d4       100%        4
 Summon Lightning Spire   Summ/Air       0%         N/A       100%        4
 Agony                    Necr           0%         N/A       100%        5
 Blade Hands              Tmut           0%         N/A       100%        5
 Irradiate                Conj/Tmut      0%         3d11      100%        5
 Lightning Bolt           Conj/Air       0%         1d11      100%        5
 Statue Form              Tmut/Erth      0%         N/A       100%        6
 Summon Cactus Giant      Summ           0%         N/A       100%        6
 Enfeeble                 Hex            0%         N/A       100%        7


Dungeon Overview and Level Annotations

Branches:
Dungeon (9/15)             Temple (1/1) D:6
   Lair: D:8-11         Orc: D:9-12

Altars:
Ashenzari
Dithmenos
Fedhas
Gozag
Kikubaaqudgha
Nemelex Xobeh
Okawaru
Ru
Sif Muna
Uskayaw
Vehumet
Wu Jian
Xom
Zin
The Shining One

Shops:
D:8 !!!


Innate Abilities, Weirdness & Mutations

You have a pair of horns on your head.
You reflexively headbutt those who attack you in melee.


Message History

* * * LOW HITPOINT WARNING * * *
The orc barely misses you.
You climb upwards.
There is a stone staircase leading down here.
You hit the orc. You burn the orc. Your headbutt misses the orc.
The orc is moderately wounded.
The orc closely misses you. You block the orc warrior's attack.
You sock the orc! You burn the orc.
You kill the orc!
The Council accepts your kill.
You are no longer corroded.
The orc warrior hits you with a +0 hand axe.
* * * LOW HITPOINT WARNING * * *
You hit the orc warrior. You burn the orc warrior.
Your headbutt misses the orc warrior.
The orc warrior is lightly wounded.
The orc warrior hits you with a +0 hand axe.
* * * LOW HITPOINT WARNING * * *
You hit the orc warrior. You burn the orc warrior.
The orc warrior is moderately wounded.
The orc warrior hits you but does no damage.
You hit the orc warrior. You burn the orc warrior.
Your headbutt misses the orc warrior.
The orc warrior is heavily wounded.
The orc warrior hits you with a +0 hand axe!
* * * LOW HITPOINT WARNING * * *
You barely miss the orc warrior. You headbutt the orc warrior.
The orc warrior is severely wounded.
You block the orc warrior's attack. x2
You hit the orc warrior but do no damage.
The orc warrior is severely wounded.
The orc warrior barely misses you.
You feel better.
The orc warrior hits you with a +0 hand axe!
* * * LOW HITPOINT WARNING * * *
You hit the orc warrior but do no damage.
Your headbutt misses the orc warrior.
The orc warrior is severely wounded.
The orc warrior hits you with a +0 hand axe.
You die...

.............#...#.........'....#
.............#.............#....#
.............#.............#...##
.............#........))...#....#
.............#.....##.)...##.....
...##...##...##....##.)...##...#.
...##...##'####....##.....#......
....#....#.......o.#.............
....#....#......@..#..#.#.#...###
....#....#.....)...#..####...#.#.
...##...##...##....##............
...##...##...########...........#
........#..........##...#..#....+
........#..........####...##....#
...##...##.................#...##
...##...##...##....##......#...##
...##...##...##....##......+....'


You could see an orc warrior.

Vanquished Creatures
  Pikel (D:5)
  A hornet (D:8)
  3 yaks (D:8)
  A wyvern (D:8)
  An acid dragon (D:9)
  5 water moccasins
  5 ice beasts
  A black bear (D:6)
  4 centaurs
  A lemure (D:5)
  2 ogres
  2 kobold brigands (D:3)
  A bullfrog (D:6)
  2 scorpions
  2 necrophages
  4 wights (D:8)
  Dowan (D:6)
  5 killer bees (D:7)
  4 howler monkeys
  6 hounds
  An orc priest (D:6)
  Jessica (D:2)
  6 iguanas
  Terence (D:2)
  6 orc wizards
  A mummy (D:8)
  Robin (D:2)
  4 gnolls (D:4)
  4 adders
  2 shadow imps (D:6)
  2 white imps
  An ufetubus (D:5)
  5 dart slugs
  34 orcs
  4 ball pythons
  5 bats
  8 endoplasms
  3 giant cockroaches
  12 hobgoblins
  4 jackals (D:3)
  12 kobolds
  7 quokkas
  4 frilled lizards
  17 goblins
  A goblin zombie (D:8)
  An orc zombie (D:8)
  5 rats
204 creatures vanquished.

Vanquished Creatures (others)
  Duvessa (D:6)
  2 plants (D:1)
3 creatures vanquished.

Grand Total: 207 creatures vanquished

Notes
Turn   | Place    | Note
-------+----------+-------------------------------------------
     0 | D:1      | Linkola the Minotaur Fighter began the quest for the Orb.
     0 | D:1      | Reached XP level 1. HP: 19/19 MP: 0/0
   108 | D:1      | Reached XP level 2. HP: 27/27 MP: 1/1
   240 | D:1      | Reached skill level 4 in Armour
   528 | D:1      | Reached XP level 3. HP: 33/33 MP: 2/2
   840 | D:2      | Noticed Robin
   849 | D:2      | Killed Robin
  1011 | D:2      | Noticed Terence
  1032 | D:2      | Killed Terence
  1033 | D:2      | Reached XP level 4. HP: 15/41 MP: 3/3
  1236 | D:2      | Found a broken altar of Ashenzari.
  1251 | D:2      | Noticed Jessica
  1257 | D:2      | Killed Jessica
  1258 | D:2      | Reached skill level 1 in Throwing
  1509 | D:2      | Reached XP level 5. HP: 34/47 MP: 4/4
  1962 | D:3      | Noticed an ogre
  1969 | D:3      | Killed an ogre
  1970 | D:3      | Reached skill level 1 in Dodging
  2062 | D:3      | Reached skill level 1 in Short Blades
  2252 | D:3      | Reached XP level 6. HP: 21/55 MP: 5/5
  2464 | D:3      | Reached skill level 5 in Armour
  2929 | D:3      | Reached skill level 5 in Fighting
  2929 | D:3      | Reached skill level 5 in Shields
  3474 | D:3      | Found a faded altar of an unknown god.
  3587 | D:3      | Found a shimmering blue altar of Sif Muna.
  4036 | D:4      | Reached XP level 7. HP: 61/61 MP: 6/6
  4483 | D:5      | Entered Level 5 of the Dungeon
  4896 | D:5      | Reached skill level 6 in Armour
  5429 | D:5      | Noticed Pikel
  5454 | D:5      | Killed Pikel
  5455 | D:5      | Reached skill level 7 in Armour
  5455 | D:5      | Reached XP level 8. HP: 42/70 MP: 7/7
  6030 | D:6      | Paralysed by a centaur for 4 turns
  6037 | D:6      | Paralysed by a centaur for 4 turns
  6042 | D:6      | Paralysed by a centaur for 4 turns
  6062 | D:6      | HP: 3/70 [poisoned by a water moccasin]
  6066 | D:6      | Reached skill level 1 in Maces & Flails
  6524 | D:6      | Reached skill level 5 in Throwing
  6524 | D:6      | Reached skill level 8 in Armour
  6524 | D:6      | Reached XP level 9. HP: 68/77 MP: 8/8
  6667 | D:6      | Noticed Dowan
  6668 | D:6      | Noticed Duvessa
  6669 | D:6      | Found a staircase to the Ecumenical Temple.
  6685 | D:6      | Killed Duvessa
  6707 | D:6      | Killed Dowan
  6738 | Temple   | Entered the Ecumenical Temple
  6759 | Temple   | Became a worshipper of the Wu Jian Council
  7273 | D:7      | Reached skill level 5 in Short Blades
  7384 | D:7      | Got the Excursus on Geology and Forms
  7786 | D:7      | Reached skill level 9 in Armour
  8415 | D:8      | Found a glowing golden altar of the Shining One.
  8439 | D:8      | Found a shimmering altar of Xom.
  8456 | D:8      | Identified the +3 mace "Hellblazer" {flame, rF+++ rC- rN+
                  | SInv}
  8755 | D:8      | Found Moniemn's Distillery.
  8900 | D:8      | Reached XP level 10. HP: 73/86 MP: 9/9
  8912 | D:8      | Reached * piety under Wu Jian
  8958 | D:8      | Reached skill level 10 in Armour
  9269 | D:8      | Found an opulent altar of Gozag.
  9272 | D:8      | Found a hide-covered altar of Uskayaw.
  9507 | D:8      | Found Vibrekkaexi's Distillery.
  9521 | D:8      | Found Yshrajien's Distillery.
  9619 | D:8      | Found a broken altar of Ashenzari.
  9644 | D:8      | Found a sacrificial altar of Ru.
  9842 | D:8      | HP: 2/86 [orc warrior/+0 hand axe (14)]
  9846 | D:8      | Slain by an orc warrior

Illustrated notes

Levels and vault maps discovered:
D:1:      evilmike_arrival_come_back, layout_basic, serial_bayou_crossing
D:2:      layout_loops_cross, basic_altar, minmay_tetromino_s2, uniq_robin,
          uniq_jessica, uniq_terence
D:3:      cheibrodos_thug_alley, layout_basic, nicolae_overflow_hidden_temple,
          nicolae_sif_muna_condensation, chequers_ecumenical_altar_lobes,
          kennysheep_generic_room_9
D:4:      layout_basic
D:5:      layout_basic, st_stairs_9, interstate_on_off, nrook_mini_backslash,
          uniq_pikel
D:6:      layout_loops_ring, minmay_temple_entry_glassed_door,
          kennysheep_generic_room_5, uniq_duvessa
D:7:      layout_cave_pods
D:8:      layout_gridville, nicolae_overflow_quartered_altars,
          grunt_temple_overflow_open, serial_shops, nicolae_shop_stone,
          nicolae_stop_n_shop_1, nicolae_shop_hallway_stairs,
          nicolae_ossuary_entry_giza, hangedman_abyss_or_decor_slice
D:9:      layout_grid_maze, uniq_maurice
Temple:   nicolae_temple_bog_church

Skill      XL: |  1  2  3  4  5  6  7  8  9 10 |
---------------+-------------------------------+-----
Fighting       | 4 5 6 7 |  7.5
Armour         | 4 5 7 8 9 10 | 10.3
Shields        | 4 5 6 7 |  7.6
Polearms       | 3 4 |  4.2
Throwing       | 1 2 3 5 |  5.9
Dodging        | 1 2 3 |  3.2
Short Blades   | 1 2 4 6 |  6.0
Maces & Flails | 1 3 4 |  4.5
Stealth        | |  0.5

Action                   |  1- 3 |  4- 6 |  7- 9 | 10-12 || total
-------------------------+-------+-------+-------+-------++-------
Melee: Trident           |    97 |    17 |       |       ||   114
       Headbutt          |    10 |    27 |    91 |    16 ||   144
       Dagger            |       |   181 |   279 |       ||   460
       Whip              |       |       |    99 |       ||    99
       Mace              |       |       |    22 |    83 ||   105
Throw: Stone             |    10 |     9 |    15 |       ||    34
       Dart              |       |       |    22 |     1 ||    23
       Boomerang         |       |       |     1 |       ||     1
Invok: Lunge             |       |       |     8 |     1 ||     9
       Whirlwind         |       |       |       |    18 ||    18
  Use: Scroll            |       |     4 |     6 |     1 ||    11
       Potion            |       |       |     4 |     1 ||     5
Armor: Scale mail        |    20 |       |       |       ||    20
       Chain mail        |       |    80 |   213 |    31 ||   324
Dodge: Dodged            |    37 |    62 |   170 |    31 ||   300
Block: Buckler           |    17 |    32 |   104 |    22 ||   175
